 Dungeon Crawl Stone Soup version 0.31-a0-692-gf03d1854d5 (webtiles) character file.

Game seed: 17010983815377637982

2522 qw the Skirmisher (level 9, -6/56 HPs)
             Began as a Gargoyle Hunter on Sept 6, 2023.
             Was a Believer of Okawaru.
             Mangled by a skeletal warrior
             ... wielding a +0 glaive
              (15 damage)
             ... on level 7 of the Dungeon.
             The game lasted 00:02:55 (6292 turns).

qw the Skirmisher (Gargoyle Hunter)                 Turns: 6292, Time: 00:02:55

Health: -6/56      AC: 14    Str: 15    XL:     9   Next: 54%
Magic:  10/12      EV: 22    Int: 10    God:    Okawaru [**....]
Gold:   269        SH:  0    Dex: 17    Spells: 8/8 levels left

rFire   + . .        Y - +1 orcbow (flame)
rCold   + . .        (shield currently unavailable)
rNeg    + . .        c - +1 robe {Will+}
rPois   inf          h - +1 helmet
rElec   +            f - scarf {rC+ rF+}
rCorr   .            (no gloves)
SInv    .            a - +1 pair of boots
Will    +....        i - amulet of faith
Stlth   +++          l - +5 ring of evasion
HPRegen 0.29/turn    (no ring)
MPRegen 0.13/turn

%: faith
@: about to teleport, heroic
A: sickness immunity, AC +6, negative energy resistance 1, electricity
resistance, torment resistance 1, petrification resistance
a: Renounce Religion, Heroism


You were on level 7 of the Dungeon.
You worshipped Okawaru.
Okawaru was pleased with you.
You visited 2 branches of the dungeon, and saw 8 of its levels.

You collected 356 gold pieces.
You spent 87 gold pieces at shops.


Innate Abilities, Weirdness & Mutations

You are immune to sickness and miasma.
Your stone body is resilient. (AC +6)
You are immune to poison.
You resist negative energy. (rN+)
You are resistant to electric shocks. (rElec)
You are resistant to unholy torment.
You are immune to petrification.


   Skills:
 + Level 6.4(11.4) Fighting
 - Level 10.2(15.2) Ranged Weapons
 - Level 3.1(8.1) Armour
 - Level 3.4(8.4) Dodging
 - Level 1.1(6.1) Stealth
 - Level 4.2 Invocations


You had 8 spell levels left.
You didn't know any spells.
Your spell library was empty.

Inventory:

Hand Weapons
 Y - a +1 orcbow of flaming (weapon)
Armour
 a - a +1 pair of boots (worn)
 b - a +0 ring mail
 c - a +1 robe of willpower (worn)
 f - a scarf of resistance (worn)
 h - a +1 helmet (worn)
 r - a +2 cloak
Jewellery
 i - an amulet of faith (around neck)
 l - a +5 ring of evasion (left hand)
 m - a ring of fire
Scrolls
 e - a scroll of identify
 k - a scroll of torment {unknown}
 n - 3 scrolls of teleportation
Potions
 d - a potion of enlightenment
 g - 3 potions of curing
 p - 2 potions of might
 q - a potion of haste
 s - a potion of degeneration {unknown}

Dungeon Overview and Level Annotations

Branches:
Dungeon (7/15)             Temple (1/1) D:5

Altars:
Ashenzari
Cheibriados
Dithmenos
Fedhas
Gozag
Hepliaklqana
Kikubaaqudgha
Makhleb
Nemelex Xobeh
Okawaru
Qazlal
Ru
Sif Muna
Trog
Uskayaw
Vehumet
Wu Jian
Xom
Yredelemnul
Zin
The Shining One

Shops:
D:4 (   D:6 :

Annotations:
D:3 1 runed translucent door, Crazy Yiuf


Message History

The skeletal warrior barely misses you.
You shoot an arrow.
The arrow completely misses the skeletal warrior.
The skeletal warrior hits you with a +0 glaive!
You shoot an arrow. The arrow hits the skeletal warrior.
The arrow burns the skeletal warrior.
The skeletal warrior is severely damaged.
The skeletal warrior hits you with a +0 glaive!
You shoot an arrow. The arrow hits the skeletal warrior!
The arrow burns the skeletal warrior.
The skeletal warrior is almost destroyed.
You shoot an arrow.
The arrow hits the skeletal warrior but does no damage.
The skeletal warrior is almost destroyed.
The skeletal warrior closely misses you.
You shoot an arrow. The arrow hits the skeletal warrior.
The arrow burns the skeletal warrior.
The skeletal warrior is almost destroyed.
The skeletal warrior misses you.
You shoot an arrow.
The arrow closely misses the skeletal warrior.
The skeletal warrior closely misses you.
You shoot an arrow.
The arrow completely misses the skeletal warrior.
You shoot an arrow.
The arrow hits the skeletal warrior but does no damage.
The skeletal warrior is almost destroyed.
The skeletal warrior hits you with a +0 glaive!!
6290 ||| READING 4 scrolls of teleportation.
As you read the scroll of teleportation, it crumbles to dust.
You feel strangely unstable. The skeletal warrior barely misses you.
6291 ||| DRINKING potion of heal wounds.
You feel much better.
You feel like a meek peon again.
The skeletal warrior hits you with a +0 glaive!
6292 ||| INVOKING Heroism.
You gain the combat prowess of a mighty hero.
The skeletal warrior hits you with a +0 glaive!
You die...

#............##.##.#......
#..................#......
#..................#......
#..................#......
#..................+......
#...###########....#.###'#
#.#.#..##..#..#..###.###..
#.#.# #..#..#.#...........
#.#.# #@##.##...........
#...## #.#z#.##...........
##..#.###)###.............
##.##.#z# #.##......##..#
#.##.#####.##......###'#
##.#.#..#..#.#..........'
#..#..##.##..#..........#
#..###.#######..........#
#..............##########


You could see a skeletal warrior.

Vanquished Creatures
  4 wraiths (D:7)
  A black bear (D:6)
  2 ice beasts
  2 ogres
  2 phantoms
  Blork the orc (D:5)
  A bullfrog (D:6)
  2 scorpions
  5 wights (D:7)
  3 hounds
  3 orc priests
  A gnoll bouda (D:6)
  3 iguanas
  4 orc wizards
  Robin (D:3)
  9 adders
  12 gnolls
  A shadow imp (D:5)
  5 white imps
  4 worms
  2 dart slugs (D:1)
  35 orcs
  8 ball pythons
  9 bats
  5 endoplasms
  5 giant cockroaches
  18 goblins
  17 hobgoblins
  7 jackals (D:1)
  9 kobolds
  3 quokkas
  6 frilled lizards
  3 rats
193 creatures vanquished.

Notes
Turn   | Place    | Note
-------+----------+-------------------------------------------
     0 | D:1      | qw the Gargoyle Hunter began the quest for the Orb.
     0 | D:1      | Reached XP level 1. HP: 12/12 MP: 1/1
     0 | D:1      | 0 ||| qw: Version: 0.3-a-76-g4403597
     0 | D:1      | 0 ||| qw: Game counter: 247
     0 | D:1      | 0 ||| qw: Melee chars always use a shield: true
     0 | D:1      | 0 ||| qw: God list: Okawaru
     0 | D:1      | 0 ||| qw: Allow faded altars: false
     0 | D:1      | 0 ||| qw: Do Orc after clearing Dungeon:15 true
     0 | D:1      | 0 ||| qw: Do second Lair branch before Depths: true
     0 | D:1      | 0 ||| qw: Lair rune preference: random
     0 | D:1      | 0 ||| qw: Goals: Normal
     0 | D:1      | 0 ||| PLANNING D:1-11
   180 | D:1      | Reached XP level 2. HP: 17/17 MP: 2/2
   405 | D:1      | Reached XP level 3. HP: 21/21 MP: 3/3
   410 | D:1      | Reached skill level 5 in Ranged Weapons
   968 | D:1      | 968 ||| UPGRADING to scarf of resistance.
   973 | D:1      | 973 ||| UPGRADING to amulet of faith.
   978 | D:1      | 978 ||| READING scroll labelled DUPPOM SEADO.
   983 | D:1      | 983 ||| DRINKING 3 black potions.
   984 | D:1      | 984 ||| DRINKING 2 lumpy amethyst potions.
   985 | D:1      | 985 ||| DROPPING scroll of butterflies.
   986 | D:1      | 986 ||| DROPPING 2 potions of attraction.
  1018 | D:2      | Reached skill level 3 in Fighting
  1048 | D:2      | Reached XP level 4. HP: 28/28 MP: 4/4
  1214 | D:2      | 1214 ||| UPGRADING to +1 pair of boots.
  1222 | D:2      | 1222 ||| UPGRADING to +0 ring mail.
  1232 | D:2      | 1232 ||| DROPPING +0 leather armour.
  1342 | D:2      | Reached skill level 1 in Armour
  1410 | D:2      | 1410 ||| FLEEEEING.
  1411 | D:2      | 1411 ||| FLEEEEING.
  1782 | D:2      | Reached XP level 5. HP: 32/32 MP: 5/5
  1856 | D:2      | 1856 ||| READING scroll labelled UWICIXZASUI.
  1857 | D:2      | 1857 ||| READING 2 scrolls labelled XUONKI IDEPPE.
  1858 | D:2      | 1858 ||| READING 2 scrolls labelled IDGHOYPPORETT.
  1859 | D:2      | 1859 ||| READING scroll labelled TUMYGI BIESK.
  1860 | D:2      | 1860 ||| DROPPING scroll of fear.
  1861 | D:2      | 1861 ||| DROPPING scroll of revelation.
  1993 | D:3      | Noticed Robin
  2008 | D:3      | Killed Robin
  2009 | D:3      | Reached skill level 6 in Ranged Weapons
  2009 | D:3      | 2009 ||| FLEEEEING.
  2251 | D:3      | Found a runed translucent door.
  2252 | D:3      | Noticed Crazy Yiuf
  2354 | D:3      | Found a faded altar of an unknown god.
  2376 | D:3      | 2376 ||| FLEEEEING.
  2377 | D:3      | 2377 ||| FLEEEEING.
  2378 | D:3      | 2378 ||| FLEEEEING.
  2379 | D:3      | 2379 ||| FLEEEEING.
  2848 | D:3      | 2848 ||| UPGRADING to +1 helmet.
  2853 | D:3      | 2853 ||| READING scroll labelled UCRUCAD ZIENG.
  2854 | D:3      | 2854 ||| READING scroll labelled ARACVE ESKAESARHEH.
  2931 | D:4      | 2931 ||| Stepping ~*~*~tactically~*~*~ (outnumbered).
  2933 | D:4      | 2933 ||| Stepping ~*~*~tactically~*~*~ (outnumbered).
  2942 | D:4      | HP: 7/33 [orc/+0 trident (4)]
  2946 | D:4      | Reached XP level 6. HP: 8/38 MP: 6/6
  2947 | D:4      | HP: 7/38 [orc/+0 trident (1)]
  2956 | D:4      | HP: 9/38 [kobold/+0 club (1)]
  3012 | D:4      | 3012 ||| FLEEEEING.
  3013 | D:4      | 3013 ||| FLEEEEING.
  3014 | D:4      | 3014 ||| FLEEEEING.
  3017 | D:4      | 3017 ||| FLEEEEING.
  3018 | D:4      | 3018 ||| FLEEEEING.
  3019 | D:4      | 3019 ||| FLEEEEING.
  3020 | D:4      | 3020 ||| STAIRDANCE
  3185 | D:4      | Found a sparkling altar of Nemelex Xobeh.
  3474 | D:4      | Reached skill level 7 in Ranged Weapons
  3548 | D:4      | Found Huvow's Antique Weapon Boutique.
  3557 | D:4      | 3557 ||| BUYING orcbow (87 gold).
  3557 | D:4      | Bought an orcbow for 87 gold pieces
  3557 | D:4      | 3557 ||| SWAPPING to +0 orcbow.
  3558 | D:4      | 3558 ||| DROPPING +0 shortbow of flaming.
  3625 | D:4      | Found a shimmering blue altar of Sif Muna.
  3650 | D:4      | 3650 ||| UPGRADING to +5 ring of evasion.
  3651 | D:4      | 3651 ||| DROPPING ring of flight.
  3652 | D:4      | 3652 ||| READING 3 scrolls of identify.
  3652 | D:4      | 3652 ||| IDENTIFYING coppery potion
  3653 | D:4      | 3653 ||| READING 2 scrolls of identify.
  3653 | D:4      | 3653 ||| IDENTIFYING viscous inky potion
  3654 | D:4      | 3654 ||| DROPPING potion of brilliance.
  3679 | D:5      | Entered Level 5 of the Dungeon
  3684 | D:5      | 3684 ||| STAIRDANCE
  3714 | D:5      | Reached skill level 3 in Armour
  3714 | D:5      | Reached XP level 7. HP: 34/43 MP: 7/7
  3714 | D:5      | 3714 ||| STAIRDANCE
  3876 | D:5      | Noticed Blork the orc
  3893 | D:5      | Killed Blork the orc
  4061 | D:5      | Reached skill level 8 in Ranged Weapons
  4162 | D:5      | Found a staircase to the Ecumenical Temple.
  4163 | D:5      | 4163 ||| PLANNING TEMPLE
  4163 | D:5      | 4163 ||| UPGRADING to +1 robe of willpower.
  4173 | D:5      | 4173 ||| DRINKING 2 puce potions.
  4182 | Temple   | Entered the Ecumenical Temple
  4183 | Temple   | 4183 ||| PLANNING OKAWARU WORSHIP
  4195 | Temple   | Became a worshipper of Warmaster Okawaru
  4196 | Temple   | 4196 ||| PLANNING D:1-11
  4391 | D:5      | 4391 ||| READING scroll of brand weapon.
  4391 | D:5      | 4391 ||| BRANDING +0 orcbow.
  4410 | D:5      | Found a sacrificial altar of Ru.
  4414 | D:5      | Found a glowing golden altar of the Shining One.
  4417 | D:5      | Found a glowing silver altar of Zin.
  4418 | D:5      | Found a burning altar of Makhleb.
  4645 | D:5      | 4645 ||| READING 2 scrolls of identify.
  4645 | D:5      | 4645 ||| IDENTIFYING brown potion
  4646 | D:5      | 4646 ||| DROPPING potion of ambrosia.
  4697 | D:6      | Reached XP level 8. HP: 48/48 MP: 8/8
  4774 | D:6      | Found a bloodstained altar of Trog.
  4871 | D:6      | 4871 ||| RETREATING.
  4876 | D:6      | 4876 ||| Stepping ~*~*~tactically~*~*~ (retreating).
  4881 | D:6      | 4881 ||| Stepping ~*~*~tactically~*~*~ (retreating).
  4948 | D:6      | Reached * piety under Okawaru
  4959 | D:6      | 4959 ||| INVOKING Heroism.
  4960 | D:6      | 4960 ||| INVOKING Heroism.
  4968 | D:6      | Reached skill level 9 in Ranged Weapons
  5011 | D:6      | Found Vuath's Tiny Tomes.
  5216 | D:6      | 5216 ||| INVOKING Heroism.
  5223 | D:6      | Reached skill level 6 in Fighting
  5397 | D:6      | 5397 ||| READING scroll labelled FILYTU WUGE VURPH.
  5398 | D:6      | 5398 ||| DRINKING 3 blue potions.
  5399 | D:6      | 5399 ||| READING 2 scrolls of identify.
  5399 | D:6      | 5399 ||| IDENTIFYING lumpy orange potion
  5459 | D:7      | 5459 ||| RETREATING.
  5462 | D:7      | 5462 ||| Stepping ~*~*~tactically~*~*~ (retreating).
  5464 | D:7      | Reached skill level 1 in Invocations
  5474 | D:7      | 5474 ||| INVOKING Heroism.
  5525 | D:7      | 5525 ||| FLEEEEING.
  5533 | D:7      | Reached XP level 9. HP: 43/56 MP: 9/11
  5651 | D:7      | 5651 ||| Stepping ~*~*~tactically~*~*~ (outnumbered).
  5655 | D:7      | 5655 ||| Stepping ~*~*~tactically~*~*~ (outnumbered).
  5656 | D:7      | 5656 ||| INVOKING Heroism.
  5662 | D:7      | Reached skill level 3 in Invocations
  5914 | D:7      | Reached ** piety under Okawaru
  5946 | D:7      | Reached skill level 10 in Ranged Weapons
  6041 | D:7      | Found a snail-covered altar of Cheibriados.
  6271 | D:7      | Noticed a skeletal warrior
  6271 | D:7      | Found the +5 scythe "Finisher" {speed, execute}
  6272 | D:7      | 6272 ||| INVOKING Heroism.
  6274 | D:7      | 6274 ||| Stepping ~*~*~tactically~*~*~ (retreating).
  6277 | D:7      | Reached skill level 3 in Dodging
  6289 | D:7      | HP: 8/56 [skeletal warrior/+0 glaive (21)]
  6290 | D:7      | 6290 ||| READING 4 scrolls of teleportation.
  6291 | D:7      | 6291 ||| DRINKING potion of heal wounds.
  6292 | D:7      | 6292 ||| INVOKING Heroism.
  6292 | D:7      | Mangled by a skeletal warrior

Levels and vault maps discovered:
D:1:      psy_arrival_radial01, layout_loops_corners, nrook_mini_vaults
D:2:      layout_loops_ring, serial_forest, infiniplex_forest_lined_4_way,
          infiniplex_forest_clump_C, infiniplex_forest_lined_room_2,
          infiniplex_forest_clump_medium, infiniplex_forest_end_1,
          infiniplex_forest_fountain, infiniplex_forest_lined_room_2,
          infiniplex_forest_clump_medium, infiniplex_forest_zigzag_1,
          infiniplex_forest_diagonal
D:3:      layout_loops_corners, shapermc_ecumenical_altar_totnotflames,
          uniq_crazy_yiuf_cottage, uniq_robin
D:4:      layout_rooms, lemuel_doored_altar, nemelex_xobeh_ov_fountains_minmay,
          serial_shops, shop
D:5:      layout_cave_pods, mainiacjoe_overflow_alcove_3,
          minmay_temple_entry_gardened_gates, uniq_blork_the_orc
D:6:      layout_basic, trog_book, nicolae_shop_i_like_small_books_too,
          minmay_misc_feat_ornament
D:7:      layout_gridville, lemuel_round_altar, minmay_guarded_unrand_finisher
Temple:   hellmonk_temple_forest_ring

Skill      XL: |  1  2  3  4  5  6  7  8  9 |
---------------+----------------------------+-----
Ranged Weapons | 5 6 7 8 9 10 | 10.2
Fighting       | 3 4 6 |  6.4
Armour         | 1 3 |  3.1
Dodging        | 2 3 |  3.4
Invocations    | 2 4 |  4.2
Stealth        | |  1.1

Action                     |  1- 3 |  4- 6 |  7- 9 || total
---------------------------+-------+-------+-------++-------
   Fire: Shortbow          |   103 |   296 |       ||   399
         Orcbow            |       |    25 |   308 ||   333
 Invoke: Heroism           |       |       |     6 ||     6
    Use: Potion            |     2 |       |     3 ||     5
         Scroll            |     1 |     8 |     5 ||    14
 Armour: Leather armour    |    18 |     8 |       ||    26
         Ring mail         |       |   145 |    25 ||   170
         Robe              |       |       |    55 ||    55
  Dodge: Dodged            |    30 |   107 |   157 ||   294

Table legend:
 A = Non-vault XP
 B = Vault XP
 C = Vault XP percentage of total XP
 D = Non-vault monster count
 E = Vault monster count
 F = Vault count percentage of total count
                 A         B        C        D         E       F
            +---------+---------+-------+---------+---------+-------
      Total |    2630 |     974 |  27.0 |     176 |      17 |   8.8
            +---------+---------+-------+---------+---------+-------
        D:1 |      69 |       0 |   0.0 |      37 |       0 |   0.0
        D:2 |      98 |       0 |   0.0 |      25 |       0 |   0.0
        D:3 |      87 |      34 |  28.1 |      20 |      12 |  37.5
        D:4 |     328 |       0 |   0.0 |      30 |       0 |   0.0
        D:5 |     381 |      96 |  20.1 |      21 |       1 |   4.5
        D:6 |     941 |       0 |   0.0 |      24 |       0 |   0.0
        D:7 |     726 |     844 |  53.8 |      19 |       4 |  17.4
            +---------+---------+-------+---------+---------+-------
